Map: Frozen Temple

Players

Miszu - Winner!

  • Race: Terran Terran
  • League: Master

PsistmRapist

  • Race: Zerg Zerg

VOD

Have the link to the VOD?

Description

Time

  • Played on: April 30, 2016, 4:18 p.m.
  • Length: 7:45
Show
View Real Time Build Order
Export as new Build Order

Miszu Terran - Winner!

Build Orders: Reaper Expand, MMM Bio 

Get SALT Encoding   

  12  0:01  SCV  
  13  0:13  SCV  
  14  0:17  Supply Depot  
  14  0:26  SCV  
  15  0:39  SCV  
  15  0:42  Barracks  
  16  0:45  Refinery  
  16  0:51  SCV  
  17  1:04  SCV  
  18  1:16  SCV  
  19  1:30  Reaper  
  19  1:31  Orbital Command  
  20  1:44  Command Center  
  20  2:01  SCV  
  20  2:02  Marine  
  20  2:07  Supply Depot  
  22  2:14  SCV  
  23  2:16  Factory  
  23  2:27  Barracks Reactor  
  23  2:29  SCV  
  24  2:41  SCV  
  25  2:53  SCV  
  26  2:58  Orbital Command  
  26  3:03  Command Center  
  26  3:05  SCV  
  27  3:15  Hellion, Barracks Tech Lab  
  27  3:16  Hellion  
  27  3:17  SCV  
  32  3:24  SCV  
  33  3:29  SCV  
  34  3:36  SCV  
  34  3:37  Marine, Hellion x2  
  34  3:38  Stimpack  
  40  3:41  SCV  
  41  3:48  SCV  
  41  3:53  SCV  
  41  3:54  Marine  
  43  4:00  SCV  
  43  4:02  Refinery  
  44  4:05  SCV  
  44  4:09  Barracks, Factory Reactor  
  45  4:10  Barracks  
  45  4:12  Marine  
  45  4:14  SCV  
  45  4:15  Orbital Command  
  47  4:17  SCV  
  48  4:26  SCV  
  48  4:30  SCV  
  50  4:31  Engineering Bay  
  50  4:32  Refinery  
  50  4:33  Engineering Bay  
  50  4:34  Refinery  
  50  4:39  Supply Depot, SCV, Orbital Command  
  50  4:40  Marine  
  50  4:42  SCV  
  53  4:51  SCV  
  53  4:52  Starport, Factory Reactor  
  54  4:54  SCV  
  54  4:58  Marine  
  56  5:02  Marine x2  
  56  5:03  SCV  
  56  5:06  Terran Infantry Weapons Level 1, Terran Infantry Armor Level 1, SCV  
  60  5:09  Supply Depot  
  60  5:11  Supply Depot  
  60  5:15  SCV  
  60  5:18  SCV x2  
  60  5:21  Barracks  
  63  5:22  Barracks  
  63  5:24  Marine  
  63  5:27  SCV  
  65  5:30  SCV  
  65  5:31  SCV  
  65  5:35  Supply Depot  
  67  5:38  Supply Depot  
  67  5:39  SCV  
  69  5:42  SCV  
  69  5:43  SCV, Factory Reactor  
  69  5:44  Marine x2  
  69  5:45  Marine x2, Combat Shields  
  74  5:50  Medivac  
  74  5:51  Medivac, SCV  
  74  5:55  Marine, SCV  
  81  5:58  SCV  
  81  6:02  Supply Depot, Marine  
  81  6:03  SCV  
  84  6:04  Marine  
  84  6:07  SCV  
  84  6:09  Armory  
  84  6:10  SCV  
  84  6:11  Supply Depot  
  87  6:13  Marine  
  87  6:14  Barracks Reactor  
  87  6:15  Barracks Reactor, SCV  
  87  6:16  Marine  
  87  6:17  Marine  
  91  6:19  SCV  
  91  6:22  SCV  
  93  6:28  Marine  
  95  6:33  Bunker, SCV x2  
  95  6:35  Medivac x2, Widow Mine x2  
  105  6:42  Missile Turret  
  105  6:43  Missile Turret  
  104  6:50  Barracks x2  
  104  6:51  Supply Depot, Barracks  
  105  6:54  SCV  
  105  6:55  Supply Depot  
  105  7:04  Marine x8, Marauder  
  105  7:08  Widow Mine  
  116  7:21  Marine  
  116  7:22  Marine x2  
  115  7:23  Marine  
  115  7:27  Marine  
Show
View Real Time Build Order
Export as new Build Order

PsistmRapist Zerg 

Build Orders: Hatch First 

Get SALT Encoding   

  12  0:02  Drone  
  13  0:14  Overlord  
  13  0:19  Drone  
  14  0:39  Drone x3  
  17  0:52  Drone  
  18  1:01  Hatchery  
  17  1:05  Drone  
  17  1:07  Extractor  
  17  1:15  Spawning Pool  
  16  1:21  Drone  
  16  1:25  Drone  
  18  1:33  Drone  
  19  1:45  Overlord  
  19  2:06  Zergling x2  
  19  2:07  Zergling x2, Queen  
  23  2:12  Metabolic Boost  
  23  2:13  Queen  
  25  2:16  Drone  
  25  2:17  Drone  
  27  2:24  Drone  
  28  2:36  Drone x2  
  30  2:41  Drone  
  31  2:51  Queen x2  
  33  2:52  Overlord  
  33  2:54  Overlord  
  33  2:58  Drone  
  36  3:12  Drone  
  37  3:13  Drone x2  
  39  3:23  Drone x6  
  39  3:24  Drone  
  39  3:26  Drone  
  47  3:44  Hatchery  
  46  3:48  Lair  
  46  3:53  Drone x4  
  50  3:57  Queen  
  50  4:01  Extractor x2  
  50  4:02  Extractor  
  49  4:03  Overlord  
  49  4:10  Spore Crawler  
  49  4:12  Overlord  
  47  4:18  Drone, Spine Crawler  
  47  4:19  Drone x2  
  47  4:20  Drone  
  47  4:21  Drone  
  47  4:23  Drone  
  52  4:30  Zergling x4  
  54  4:36  Spore Crawler  
  53  4:40  Zergling x8  
  53  4:44  Drone x2  
  59  4:49  Spire  
  58  4:57  Baneling Nest  
  58  4:58  Drone x3  
  60  5:00  Drone  
  60  5:03  Drone  
  60  5:04  Drone  
  63  5:07  Overseer  
  63  5:11  Drone  
  63  5:12  Drone  
  65  5:20  Overlord  
  65  5:23  Overlord  
  65  5:26  Extractor  
  65  5:27  Extractor  
  63  5:29  Drone x2  
  63  5:32  Overlord x2  
  65  5:43  Drone x3  
  65  5:44  Drone x6  
  74  5:50  Overlord x2  
  74  6:01  Mutalisk  
  74  6:03  Drone x3  
  79  6:05  Mutalisk x2  
  79  6:07  Mutalisk  
  79  6:10  Mutalisk  
  87  6:13  Mutalisk  
  87  6:16  Mutalisk  
  91  6:19  Drone x3  
  91  6:22  Drone x2  
  96  6:27  Drone  
  96  6:28  Drone x3  
  96  6:30  Drone  
  96  6:31  Drone  
  102  6:34  Evolution Chamber  
  102  6:37  Mutalisk, Evolution Chamber  
  102  6:38  Zergling x2  
  103  6:53  Overlord, Hatchery  
  102  6:58  Overlord x3  
  102  7:00  Overlord  
  97  7:20  Mutalisk  
  97  7:21  Zergling x2  
  97  7:22  Zergling x16  
Tags
 
Add a new tag
Caveats
  • Supply blocks, unpowered buildings, or Contaminate may cause inaccurate times.
  • Supply counts are checked every 10 seconds.